 Dungeon Sprint DCSS version 0.29.1-12-g30fa7ad0bf (webtiles) character file.

Game seed: 14872385939585724162

543 boopmooplesden the Carver (level 7, -5/111 HPs)
             Began as a Minotaur Berserker on Dec 13, 2022.
             Was a High Priest of Trog.
             Slain by a 13-headed hydra (12 damage)
             ... in the Dungeon (Sprint IX: "|||||||||||||||||||||||||||||").
             The game lasted 00:00:55 (976 turns).

boopmooplesden the Carver (Minotaur Berserker)       Turns: 976, Time: 00:00:55

Health: -5/111     AC: 12    Str: 26    XL:     7   Next: 6%
Magic:  6/6        EV: 12    Int:  4    God:    Trog [*****.]
Gold:   0          SH:  0    Dex: 10    Spells: 6/6 levels left

rFire   . . .      SeeInvis .   a - +0 falchion
rCold   . . .      Faith    .   (no shield)
rNeg    . . .      Spirit   .   n - +2 ring mail
rPois   .          Reflect  .   (helmet restricted)
rElec   .          Harm     .   (no cloak)
rCorr   .          Rampage  .   m - +0 pair of gloves
Will    .....      NoTele   +   l - +0 pair of boots
Stlth   ..........              (no amulet)
HPRegen 0.28/turn               o - +3 ring of strength
MPRegen 0.10/turn               p - +2 ring of protection

@: berserking, very quick
A: horns 2, retaliatory headbutt
a: Renounce Religion, Berserk, Trog's Hand, Brothers in Arms


You were in the Dungeon.
You worshipped Trog.
Trog was extremely pleased with you.
You visited 1 branch

Inventory:

Hand Weapons
 a - a +0 falchion (weapon)
 k - a +2 scimitar of flaming
Armour
 b - a +0 animal skin
 l - a +0 pair of boots (worn)
 m - a +0 pair of gloves (worn)
 n - a +2 ring mail (worn)
Jewellery
 o - a +3 ring of strength (left hand)
 p - a +2 ring of protection (right hand)
Wands
 j - a wand of quicksilver (10)
Scrolls
 h - 2 scrolls of blinking
Potions
 c - 5 potions of curing
 d - 3 potions of heal wounds
 e - a potion of haste
 f - 4 potions of magic
 g - a potion of berserk rage
 i - a potion of invisibility


   Skills:
 + Level 11.0 Fighting
 + Level 13.0 Long Blades
 + Level 6.1 Armour
 + Level 5.4 Dodging


You had 6 spell levels left.
You didn't know any spells.
Your spell library was empty.

Dungeon Overview and Level Annotations

Branches:
Dungeon (1/1)

Altars:
Cheibriados
Dithmenos
Elyvilon
Fedhas
Gozag
Hepliaklqana
Kikubaaqudgha
Makhleb
Nemelex Xobeh
Okawaru
Qazlal
Ru
Sif Muna
Trog
Uskayaw
Vehumet
Wu Jian
Xom
Yredelemnul
Zin
The Shining One
Jiyva
Lugonu


Innate Abilities, Weirdness & Mutations

You have a pair of horns on your head.
You reflexively headbutt those who attack you in melee.


Message History

The ten-headed hydra bites you. x2
You chop one of the ten-headed hydra's heads off!
The nine-headed hydra grows two more!
You slash the 11-headed hydra!
The 11-headed hydra is lightly wounded.
The vampire casts a spell.
The vampire flickers and vanishes!
Deactivating autopickup; reactivate with Ctrl-A.
You lop one of the 11-headed hydra's heads off!
The ten-headed hydra grows two more!
You slash the 12-headed hydra! You headbutt the 12-headed hydra!
The 12-headed hydra is heavily wounded.
You barely miss the 12-headed hydra.
Your headbutt misses the 12-headed hydra.
The 12-headed hydra is heavily wounded.
The 12-headed hydra bites you but does no damage.
The 12-headed hydra closely misses you. The 12-headed hydra misses you.
The 12-headed hydra bites you. x2
* * * LOW HITPOINT WARNING * * *
The 12-headed hydra closely misses you.
The 12-headed hydra bites you but does no damage.
The 12-headed hydra barely misses you. The 12-headed hydra bites you.
* * * LOW HITPOINT WARNING * * *
The 12-headed hydra bites you!
* * * LOW HITPOINT WARNING * * *
The 12-headed hydra bites you.
* * * LOW HITPOINT WARNING * * *
The 12-headed hydra misses you.
The deep elf pyromancer casts a spell.
The deep elf pyromancer blinks!
You lop one of the 12-headed hydra's heads off!
The 11-headed hydra grows two more!
You slash the 13-headed hydra!
The 13-headed hydra is heavily wounded.
You hit the 13-headed hydra.
The 13-headed hydra is heavily wounded.
The 13-headed hydra bites you but does no damage. x3
The 13-headed hydra bites you.
* * * LOW HITPOINT WARNING * * *
The 13-headed hydra bites you but does no damage.
The 13-headed hydra bites you!
You die... ▓▓▓▓▓▓▓▓▓▓▓▓▓▓▓▓▓▓▓▓▓▓▓▓ '.?)......))....@DcyO{e. ▓▓▓▓▓▓▓▓▓▓▓▓▓▓▓▓▓▓▓▓▓▓▓▓

You could see a 13-headed hydra, a centaur warrior, a two-headed ogre, a deep elf pyromancer and a vampire mosquito.

Vanquished Creatures
  An orc warrior (D)
  A centaur (D)
  A phantom (D)
  A necrophage (D)
  A scorpion (D)
  2 killer bees (D)
  An iguana (D)
  2 orc wizards (D)
  An adder (D)
  A goblin (D)
  A hobgoblin (D)
  A quokka (D)
  A giant cockroach (D)
  A rat (D)
16 creatures vanquished.

Notes
Turn   | Place    | Note
-------+----------+-------------------------------------------
     0 | D        | boopmooplesden the Minotaur Berserker began the quest for
                  | the Orb.
     0 | D        | Reached XP level 1. HP: 19/19 MP: 0/0
    10 | D        | Reached skill level 4 in Long Blades
    11 | D        | Reached ** piety under Trog
    83 | D        | Noticed a necrophage
    83 | D        | Noticed a scorpion
    83 | D        | Noticed an iguana
    83 | D        | Noticed a phantom
    85 | D        | Killed a necrophage
    86 | D        | Reached skill level 7 in Long Blades
    86 | D        | Reached XP level 2. HP: 31/31 MP: 1/1
    86 | D        | Reached XP level 3. HP: 38/38 MP: 2/2
    87 | D        | Killed a scorpion
    87 | D        | Reached *** piety under Trog
    88 | D        | Reached skill level 8 in Long Blades
    88 | D        | Reached XP level 4. HP: 48/48 MP: 3/3
    92 | D        | Reached skill level 9 in Long Blades
    92 | D        | Reached XP level 5. HP: 53/53 MP: 4/4
   101 | D        | Killed a phantom
   102 | D        | Reached skill level 10 in Long Blades
   285 | D        | Found a snail-covered altar of Cheibriados.
   285 | D        | Found a shadowy altar of Dithmenos.
   285 | D        | Found a white marble altar of Elyvilon.
   285 | D        | Found a blossoming altar of Fedhas.
   285 | D        | Found an opulent altar of Gozag.
   286 | D        | Found a hazy altar of Hepliaklqana.
   287 | D        | Found a viscous altar of Jiyva.
   288 | D        | Found an ancient bone altar of Kikubaaqudgha.
   289 | D        | Found a corrupted altar of Lugonu.
   290 | D        | Found a burning altar of Makhleb.
   291 | D        | Found a sparkling altar of Nemelex Xobeh.
   292 | D        | Found an iron altar of Okawaru.
   293 | D        | Found a stormy altar of Qazlal.
   294 | D        | Found a sacrificial altar of Ru.
   295 | D        | Found a shimmering blue altar of Sif Muna.
   296 | D        | Found a bloodstained altar of Trog.
   297 | D        | Found a hide-covered altar of Uskayaw.
   298 | D        | Found a radiant altar of Vehumet.
   299 | D        | Found an ornate altar of the Wu Jian Council.
   300 | D        | Found a shimmering altar of Xom.
   301 | D        | Found a basalt altar of Yredelemnul.
   302 | D        | Found a glowing silver altar of Zin.
   303 | D        | Found a glowing golden altar of the Shining One.
   453 | D        | Noticed an orc warrior
   453 | D        | Noticed a centaur
   456 | D        | Killed an orc warrior
   456 | D        | Reached **** piety under Trog
   457 | D        | Reached skill level 11 in Long Blades
   457 | D        | Reached skill level 5 in Armour
   457 | D        | Reached XP level 6. HP: 66/66 MP: 5/5
   460 | D        | Reached skill level 10 in Fighting
   460 | D        | Reached skill level 12 in Long Blades
   460 | D        | Reached skill level 5 in Dodging
   483 | D        | Reached XP level 7. HP: 56/74 MP: 6/6
   487 | D        | Reached ***** piety under Trog
   488 | D        | Reached skill level 13 in Long Blades
   967 | D        | Noticed a seven-headed hydra
   967 | D        | Noticed a centaur warrior
   967 | D        | Noticed a vampire mosquito
   967 | D        | Noticed a two-headed ogre
   967 | D        | Noticed a vampire
   967 | D        | Noticed a deep elf pyromancer
   976 | D        | Slain by a 13-headed hydra

Illustrated notes

Levels and vault maps discovered:
D:        linesprint [early_d, line_temple, items_1, d_10, items_2, lair_1,
          lair_end, items_3, orc_1, orc_end, items_4, d_15, swamp_1, shoals_1,
          snake_1, spider_1, d_20, vaults_1, items_5, swamp_end, shoals_end,
          snake_end, spider_end, vaults_end, d_27, items_6, zot_1, zot_end,
          crypt_end, forest_end, elf_end, slime_end, tomb_end, abyss_end,
          pan_hell_end]

Skill      XL: |  1  2  3  4  5  6  7 |
---------------+----------------------+-----
Fighting       | 6 7 8 9 11 | 11.0
Long Blades    | 7 8 9 11 12 13 | 13.0
Armour         | 3 4 5 6 |  6.1
Dodging        | 3 4 5 |  5.4

Action                   |  1- 3 |  4- 6 |  7- 9 || total
-------------------------+-------+-------+-------++-------
Melee: Falchion          |    13 |    30 |    12 ||    55
       Headbutt          |     3 |     2 |     1 ||     6
       Punch             |     1 |     1 |       ||     2
Invok: Berserk           |     1 |     1 |     1 ||     3
Armor: Animal skin       |     1 |     1 |       ||     2
       Ring mail         |       |    10 |    15 ||    25
Dodge: Dodged            |     4 |    14 |    12 ||    30
